 Dungeon Crawl Stone Soup version 0.19.1 (webtiles) character file.

74 Chaoticas the Cudgeler (level 4, 0/28 HPs)
             Began as a Gargoyle Berserker on Dec 7, 2016.
             Was a Believer of Trog.
             Shot with a stone by a goblin (4 damage)
             ... led by Robin
             ... on level 2 of the Dungeon.
             The game lasted 00:05:30 (1712 turns).

Chaoticas the Cudgeler (Gargoyle Berserker)         Turns: 1712, Time: 00:05:33

Health: 0/28       AC:  6    Str: 22    XL:     4   Next: 30%
Magic:  4/4        EV: 12    Int:  7    God:    Trog [**....]
Gold:   92         SH:  0    Dex:  9    Spells: 0 memorised, 3 levels left

rFire  . . .     SeeInvis .     a - +0 mace
rCold  . . .     Gourm    .     b - +0 animal skin
rNeg   + . .     Faith    .     (no shield)
rPois  ∞         Spirit   .     (no helmet)
rElec  +         Reflect  .     r - +0 cloak
rCorr  .         Harm     .     (no gloves)
MR     .....                    (no boots)
Stlth  +.........               (no amulet)
                                (no ring)
                                (no ring)

@: exhausted, slowed, very slow
A: negative energy resistance 1, electricity resistance, unbreathing,
petrification resistance, rot immunity, AC +3
a: Berserk, Trog's Hand, Burn Spellbooks, Renounce Religion


You were on level 2 of the Dungeon.
You worshipped Trog.
Trog was pleased with you.
You were near starving.

You visited 1 branch of the dungeon, and saw 2 of its levels.

You collected 92 gold pieces.

Inventory:

Hand Weapons
 a - a +0 mace (weapon)
Missiles
 l - 70 arrows
 o - 5 javelins (quivered)
Armour
 b - a +0 animal skin (worn)
 d - a +0 robe
 r - a +0 cloak (worn)
Scrolls
 f - a scroll of noise {unknown}
 h - a scroll of remove curse {unknown}
 i - a scroll of fear {unknown}
 j - a scroll of enchant weapon {unknown}
 p - 3 scrolls of immolation {unknown}
 q - a scroll of recharging {unknown}
 s - a scroll of magic mapping {unknown}
Potions
 e - a potion of heal wounds {unknown}
 g - 2 potions of brilliance {unknown}
 m - a potion of agility {unknown}
 n - a potion of cancellation {unknown}
Comestibles
 c - 2 bread rations
 k - 2 meat rations


   Skills:
 - Level 3.3 Fighting
 * Level 5.0 Maces & Flails
 - Level 2.1 Armour
 - Level 1.5 Dodging


You had 3 spell levels left.
You didn't know any spells.

Dungeon Overview and Level Annotations

Branches:
Dungeon (2/15)

Altars:


Innate Abilities, Weirdness & Mutations

You are resistant to torment.
Your stone body is resilient. (AC +3)
You are immune to poison.
You resist negative energy. (rN+)
You are resistant to electric shocks. (rElec)
You can survive without breathing.
You are immune to petrification.
You are immune to rotting.


Message History

You hit Robin.
Robin is heavily wounded.
Robin hits you but does no damage. The goblin hits you but does no damage.
Robin hits you but does no damage. The goblin barely misses you.
You thump Robin!
You kill Robin!
Trog accepts your kill.
Your Maces & Flails skill increases to level 5!
The goblin wields a hunting sling.
The goblin shoots a stone.
The stone hits you. The goblin hits you.
The goblin unwields an uncursed club.
The goblin wields a hunting sling.
The goblin shoots a stone.
The stone barely misses you.
The goblin shoots a stone.
The stone hits you.
* * * LOW HITPOINT WARNING * * *
You hit the goblin.
The goblin is moderately wounded.
The goblin hits you but does no damage.
The goblin shoots a stone.
The stone hits you.
* * * LOW HITPOINT WARNING * * *
The goblin shoots a stone.
The stone hits you.
You die...

......#
#...#.#
......#
#####.#
>.....#
#....#
#######
#.####
#.#######
#.......#
##
#######(#
.# #g# .#
#@# .#
#)#### .#
#gg..# .#
#.......#
.#
#....####
.# #....#
## #....#
#....#
#...g#


You could see 3 goblins.

Vanquished Creatures
  Robin (D:2)
  An adder (D:2)
  An ooze (D:1)
  A leopard gecko (D:1)
  A ball python (D:1)
  A giant cockroach (D:2)
  9 goblins
  7 hobgoblins
  4 jackals (D:2)
  7 bats
  3 frilled lizards
  5 kobolds
  6 rats
  A plant (D:1)
48 creatures vanquished.

Notes
Turn   | Place    | Note
-------+----------+-------------------------------------------
     0 | D:1      | Chaoticas the Gargoyle Berserker began the quest for the Orb.
     0 | D:1      | Reached XP level 1. HP: 14/14 MP: 1/1
   437 | D:1      | Reached XP level 2. HP: 16/19 MP: 2/2
   641 | D:1      | Reached skill level 4 in Maces & Flails
   757 | D:1      | Reached XP level 3. HP: 19/23 MP: 3/3
  1042 | D:1      | Reached ** piety under Trog
  1685 | D:2      | Noticed Robin
  1695 | D:2      | Reached XP level 4. HP: 21/28 MP: 4/4
  1711 | D:2      | Killed Robin
  1711 | D:2      | Reached skill level 5 in Maces & Flails
  1712 | D:2      | Shot with a stone by a goblin

Skill      XL: |  1  2  3  4 |
---------------+-------------+-----
Maces & Flails | 4 5 |  5.0
Fighting       | |  3.3
Armour         | |  2.1
Dodging        | |  1.5

Action                   |  1- 3 |  4- 6 || total
-------------------------+-------+-------++-------
Melee: Mace              |   175 |    12 ||   187
Invok: Berserk           |     1 |     1 ||     2
 Stab: Sleeping          |     1 |       ||     1
  Eat: Chunk             |     3 |       ||     3
Armor: Animal skin       |    70 |    10 ||    80
Dodge: Dodged            |   110 |     9 ||   119
